 Dungeon Crawl Stone Soup version 0.28.0-53-g5a82cb258f (webtiles) character file.

Game seed: 9624719726919458542

118 Brotato the Magician (level 5, -4/35 HPs)
             Began as a Djinni Conjurer on June 21, 2022.
             Killed from afar by an orc wizard (6 damage)
             ... with a magic dart
             ... on level 2 of the Dungeon.
             The game lasted 00:07:59 (3360 turns).

Brotato the Magician (Djinni Conjurer)              Turns: 3360, Time: 00:07:59

Health: -4/35      AC:  2    Str:  6    XL:     5   Next: 23%
Gold:   117        EV: 13    Int: 21    God:
                   SH:  0    Dex: 12

rFire   + + .      SeeInvis .   j - +0 flail
rCold   x . .      Faith    .   (no shield)
rNeg    . . .      Spirit   .   a - +0 robe
rPois   ∞          Reflect  .   (no helmet)
rElec   .          Harm     .   (no cloak)
rCorr   .          Rampage  .   (no gloves)
Will    .....                   (boots unavailable)
Stlth   ++........              (no amulet)
HPRegen 0.11/turn               (no ring)
MPRegen 0.00/turn               (no ring)

@: flying
A: sickness immunity, fire resistance 2, cold vulnerability 1, float, innate
caster, HP casting, extra vitality 1
a: no special abilities


You were on level 2 of the Dungeon.
You visited 1 branch of the dungeon, and saw 3 of its levels.

You collected 117 gold pieces.

Inventory:

Hand Weapons
 j - a +0 flail (weapon)
Armour
 a - a +0 robe (worn)
Jewellery
 i - an amulet of the acrobat
Scrolls
 b - a scroll of teleportation {unknown}
 d - 5 scrolls of identify {unknown}
Potions
 c - a potion of lignification {unknown}
 e - a potion of brilliance {unknown}
 f - a potion of haste {unknown}
 g - a potion of might {unknown}
 h - 2 potions of heal wounds {unknown}


   Skills:
 - Level 3.4 Dodging
 - Level 2.6 Stealth
 * Level 4.0 Spellcasting


You couldn't memorise any spells.
You knew the following spells:

 Your Spells              Type           Power      Damage    Failure   Level
a - Magic Dart            Conj           84%        1d7       2%          1
b - Searing Ray           Conj           42%        2d6       3%          2
c - Dazzling Flash        Conj/Hex       42%        N/A       7%          3
d - Fulminant Prism       Conj/Hex       10%        3d9       22%         4
e - Iskenderun's Mystic   Conj/Tloc      21%        2d6       22%         4
f - Slow                  Hex            84%        N/A       2%          1
g - Ensorcelled Hibernat  Hex/Ice        42%        N/A       3%          2
Your spell library was empty.

Dungeon Overview and Level Annotations

Branches:
Dungeon (3/15)

Altars:
Qazlal

Shops:
D:1 *   D:2 ==((

Annotations:
D:2 Sigmund
D:3 Jessica


Innate Abilities, Weirdness & Mutations

You are immune to sickness and miasma.
You are immune to poison.
Your flesh is very heat resistant. (rF++)
You are vulnerable to cold. (rC-)
You float through the air rather than walking.
You learn spells naturally, not from books.
Your magical power is your life essence.
You have superior vitality. (+4 MHP)


Message History

The orc priest barely misses you.
The orc wizard hits you with a +0 dagger.
The searing ray hits the orc priest.
The orc priest is heavily wounded.
The orc priest misses you. The orc wizard barely misses you.
The searing ray hits the orc priest!
You kill the orc priest!
The orc wizard hits you with a +0 dagger.
* * * LOW HITPOINT WARNING * * *
Your Spellcasting skill increases to level 4!
You have reached level 5!
The power to cast Ensorcelled Hibernation wells up from within.
Spell assigned to 'g'.
Casting: Searing Ray (safe; 3% risk of failure)
Confirm with . or Enter, or press ? or * to list all spells.
Aiming: Ensorcelled Hibernation (safe; 3% risk of failure)
Press: ? - help, Shift-Dir - straight line, f - orc wizard
Aim: an orc wizard, wielding a +0 dagger and wearing a +0 robe (heavily wounded, chance to affect: 53%)
The orc wizard resists with significant effort.
* * * LOW HITPOINT WARNING * * *
The orc wizard gestures at you while chanting.
The puff of flame hits you. You resist.
* * * LOW HITPOINT WARNING * * *
Casting: Ensorcelled Hibernation (safe; 3% risk of failure)
Confirm with . or Enter, or press ? or * to list all spells.
Aiming: Ensorcelled Hibernation (safe; 3% risk of failure)
Press: ? - help, Shift-Dir - straight line, f/p - orc wizard
Aim: an orc wizard, wielding a +0 dagger and wearing a +0 robe (heavily wounded, chance to affect: 53%)
The orc wizard looks drowsy...
* * * LOW HITPOINT WARNING * * *
Unknown command.
You see here a +0 flail.
j - a +0 flail
j - a +0 flail (weapon)
The helpless orc wizard fails to defend itself.
You hit the orc wizard.
The orc wizard is severely wounded.
The orc wizard casts a spell at you. The magic dart hits you.
You die...

#..........'.......
#..#######.#.......
#######........#.#.......
#....##...####.#.#.......
##.#.##........#.#.......
#.#.##........#.#.......
#.#.##..#.###.#.#.......
#.#.#.....# #.#.####'###
#.#.#.[@#####.#.####.###
#.#.#.)>o....)..........
#.#.#...#.....#.####.###
#.#.#...#..........#.#
##.#.##.#####....##.#.#
#..#.##.....#.#.....#.#
##.#.######.#.#.#####.#
#.........#.#.......#.#
##.######.#.###.###.#.#


You could see an orc wizard.

Vanquished Creatures
  An orc priest (D:2)
  Robin (D:3)
  An adder (D:2)
  2 dart slugs (D:2)
  4 orcs
  4 ball pythons
  3 endoplasms
  A giant cockroach (D:1)
  12 goblins
  5 hobgoblins
  3 jackals (D:1)
  5 kobolds
  6 quokkas
  2 bats
  3 frilled lizards
  A rat (D:1)
54 creatures vanquished.

Notes
Turn   | Place    | Note
-------+----------+-------------------------------------------
     0 | D:1      | Brotato the Djinni Conjurer began the quest for the Orb.
     0 | D:1      | Reached XP level 1. HP: 15/15 MP: 0/0
   341 | D:1      | Reached XP level 2. HP: 18/21 MP: 0/0
   761 | D:1      | Found Jocsetih's General Store.
   834 | D:1      | Reached XP level 3. HP: 19/25 MP: 0/0
   834 | D:1      | Learned a level 1 spell: Slow
  1389 | D:2      | Noticed Sigmund
  1517 | D:2      | Found Ufeilaink's Jewellery Emporium.
  2167 | D:2      | Reached XP level 4. HP: 28/31 MP: 0/0
  2402 | D:2      | Found Xepsudd's Jewellery Boutique.
  2429 | D:2      | Found Urobbuss's Weapon Emporium.
  2430 | D:2      | Found Coreallo's Weapon Shoppe.
  2720 | D:3      | Found a stormy altar of Qazlal.
  2748 | D:3      | Noticed Jessica
  2785 | D:3      | Noticed Robin
  2806 | D:3      | Killed Robin
  3355 | D:2      | Reached skill level 4 in Spellcasting
  3355 | D:2      | Reached XP level 5. HP: 9/35 MP: 0/0
  3355 | D:2      | Learned a level 2 spell: Ensorcelled Hibernation
  3360 | D:2      | Killed from afar by an orc wizard

Illustrated notes

Levels and vault maps discovered:
D:1:      psy_arrival_basics, layout_basic, serial_shops, shop
D:2:      layout_basic, serial_shops, nicolae_shop_hallway_plus, shop,
          nicolae_shop_stone, nicolae_shop_bloodbath_and_beyond, uniq_sigmund
D:3:      layout_basic, lemuel_crystal_altar, uniq_terence, uniq_robin,
          uniq_jessica

Skill      XL: |  1  2  3  4 |
---------------+-------------+-----
Stealth        | 2 |  2.6
Dodging        | 3 |  3.4
Spellcasting   | 4 |  4.0

Action                   |  1- 3 |  4- 6 || total
-------------------------+-------+-------++-------
Melee: Flail             |       |     1 ||     1
 Cast: Magic Dart        |    74 |    37 ||   111
       Searing Ray       |     1 |     5 ||     6
       Ensorcelled Hiber |       |     2 ||     2
 Stab: Sleeping          |       |     1 ||     1
Armor: Robe              |     2 |     2 ||     4
Dodge: Dodged            |     7 |     9 ||    16
